 Dungeon Crawl Stone Soup version 0.28-a0-906-g0406aca7d3 (webtiles) character file.

Game seed: 12798368859202063133

88154 lunkers the Slicer (level 15, -4/157 HPs)
             Began as a Gnoll Cinder Acolyte on Nov 24, 2021.
             Was a High Priest of Ignis.
             Slain by a naga (33 damage)
             ... on level 1 of the Snake Pit.
             The game lasted 00:49:53 (28880 turns).

lunkers the Slicer (Gnoll Cinder Acolyte)          Turns: 28880, Time: 00:49:53

Health: -4/157     AC: 34    Str: 14    XL:     15   Next: 93%
Magic:  13/29      EV: 11    Int: 22    God:    Ignis [*****.]
Gold:   1886       SH:  6    Dex:  8    Spells: 9/35 levels left

rFire   + . .      SeeInvis .   b - +8 mithril axe "Arga" {speed, Will+}
rCold   . . .      Faith    .   P - +0 buckler
rNeg    + . .      Spirit   .   (armour currently unavailable)
rPois   ∞          Reflect  .   E - +2 hat {Int+3}
rElec   +          Harm     .   z - +1 cloak {Will+}
rCorr   .          Rampage  .   (gloves currently unavailable)
Will    +++..                   (boots currently unavailable)
Stlth   ++++......              I - amulet of regeneration
HPRegen 1.36/turn               B - ring of wizardry
MPRegen 0.21/turn               O - +4 ring of protection

@: about to teleport, statue-form, death channelling, very slightly
contaminated, constricted, very slow
A: slow and powerful, torment resistance 1, boosted hp, fangs 1, strong nose,
distributed training
a: End Transformation, Renounce Religion, Sea of Fire, Foxfire Swarm, Rising
Flame


You were on level 1 of the Snake Pit.
You worshipped Ignis.
Ignis was extremely pleased with you.
You were a living statue of rough stone.
You visited 4 branches of the dungeon, and saw 21 of its levels.
You also visited: Volcano.

You collected 2097 gold pieces.
You spent 211 gold pieces at shops.

Inventory:

Hand Weapons
 b - the +8 mithril axe "Arga" (weapon) {speed, Will+}
   (You took it off an orc priest on level 10 of the Dungeon)

   Attacks with this weapon are significantly faster.
   Will:      It increases your willpower.
 K - a +0 eveningstar of flaming
 M - a +2 quick blade of flaming
Missiles
 r - 4 throwing nets
 A - 37 stones
 L - 7 curare-tipped darts
Armour
 c - a +0 troll leather armour (melded)
 k - a +3 ring mail of fire resistance
 v - a +2 pair of gloves (melded)
 z - a +1 cloak of willpower (worn)
 E - a +2 hat of intelligence (worn)
 G - a +0 tower shield
 J - the +5 scale mail of Xutwom {MP+9}
   (You took it off an orc on level 10 of the Dungeon)

   MP:        It affects your magic capacity (+9).
 P - a +0 buckler (worn)
Jewellery
 m - a +6 ring of strength
 p - the ring "Koerofur" {Will+ Str+4 Dex+6}
   (You found it on level 6 of the Lair of Beasts)

   [ring of dexterity]

   Str:       It affects your strength (+4).
   Dex:       It affects your dexterity (+6).
   Will:      It increases your willpower.
 B - a ring of wizardry (left fist)
 F - an amulet of guardian spirit
 I - an amulet of regeneration (around neck)
 N - a ring of resist corrosion
 O - a +4 ring of protection (right fist)
 S - a ring of ice
 T - a ring of flight
 U - a +6 ring of strength
Wands
 i - a wand of flame (40)
 w - a wand of acid (1)
 y - a wand of iceblast (17)
 X - a wand of paralysis (6)
Scrolls
 e - 2 scrolls of amnesia
 f - 3 scrolls of fear
 l - 5 scrolls of magic mapping
 q - 6 scrolls of teleportation
 C - 5 scrolls of enchant weapon
 Q - 2 scrolls of enchant armour
 W - 2 scrolls of identify
 Y - a scroll of blinking
Potions
 a - 2 potions of haste
 d - 5 potions of magic
 g - 2 potions of ambrosia
 h - 2 potions of curing
 j - 4 potions of flight
 n - 5 potions of lignification
 o - 7 potions of heal wounds
 s - a potion of mutation
 u - 5 potions of brilliance
 x - a potion of invisibility
 Z - a potion of might
Miscellaneous
 R - a phial of floods
 V - a tin of tremorstones (1/2)


   Skills:
 + Level 12.3 Fighting
 + Level 12.3 Short Blades
 + Level 10.5 Long Blades
 + Level 10.5 Axes
 + Level 10.5 Maces & Flails
 + Level 10.5 Polearms
 + Level 10.5 Staves
 + Level 10.5 Slings
 + Level 10.5 Bows
 + Level 10.5 Crossbows
 + Level 10.5 Throwing
 + Level 10.5 Armour
 + Level 10.5 Dodging
 + Level 10.5 Stealth
 + Level 10.5 Shields
 + Level 10.5 Unarmed Combat
 + Level 10.9 Spellcasting
 + Level 8.8 Conjurations
 + Level 8.8 Hexes
 + Level 8.8 Summonings
 + Level 8.8 Necromancy
 + Level 8.8 Translocations
 + Level 8.8 Transmutations
 + Level 10.4 Fire Magic
 + Level 8.8 Ice Magic
 + Level 8.8 Air Magic
 + Level 8.8 Earth Magic
 + Level 8.8 Poison Magic
 + Level 11.4 Invocations
 + Level 10.5 Evocations


You had 9 spell levels left.
You knew the following spells:

 Your Spells              Type           Power      Damage    Failure   Level
b - Statue Form           Tmut/Erth      33%        N/A       9%          6
c - Borgnjor's Vile Clut  Necr/Erth      25%        N/A       1%          5
d - Death Channel         Necr           25%        N/A       9%          6
i - Dispel Undead         Necr           50%        3d19      1%          4
o - Passwall              Tmut/Erth      41%        N/A       1%          2
u - Stone Arrow           Conj/Erth      100%       3d13      1%          3

Your spell library contained the following spells:

 Spells                   Type           Power      Damage    Failure   Level
 Animate Skeleton         Necr           100%       N/A       1%          1
 Pain                     Necr           100%       1d9       1%          1
 Sandblast                Erth           100%       2d20      1%          1
 Scorch                   Fire           100%       2d10      1%          2
 Ignite Poison            Fire/Tmut/Pois 52%        N/A       1%          3
 Mephitic Cloud           Conj/Pois/Air  50%        N/A       1%          3
 Vampiric Draining        Necr           50%        2d9       1%          3
 Animate Armour           Summ/Erth      100%       N/A       1%          4
 Animate Dead             Necr           25%        N/A       1%          4
 Leda's Liquefaction      Hex/Erth       25%        N/A       1%          4
 Agony                    Necr           50%        N/A       1%          5
 Blade Hands              Tmut           25%        N/A       1%          5
 Freezing Cloud           Conj/Ice/Air   25%        6-21      1%          5
 Lee's Rapid Deconstruct  Erth           25%        3d15*     1%          5
 Iron Shot                Conj/Erth      25%        9d5       9%          6
 Haunt                    Necr/Summ      25%        N/A       43%         7
 Infestation              Necr           25%        N/A       98%         8


Dungeon Overview and Level Annotations

Branches:
Dungeon (12/15)            Temple (0/1) D:5            Lair (6/6) D:11
 Shoals (0/4) Lair:4        Snake (1/4) Lair:2        Slime (0/5) Lair:6
    Orc (2/2) D:10            Elf (0/3) Orc:2       Volcano (visited)

Altars:
Trog
Zin
Beogh

Shops:
Orc:1 *   Orc:2 ![([   Snake:1 [

Annotations:
D:11 3 runed translucent doors, pokeman's ghost, novice DEWz
Snake:1 1 transporter, frimble's ghost, adept TrWr


Innate Abilities, Weirdness & Mutations

You are a living statue of rough stone.
Your actions are slow, but your melee attacks are powerful.
You are resistant to unholy torment.
Your maximum health is greatly increased.
You are immune to poison.
Your equipment is partially melded.
You have very sharp teeth.
Your uncanny sense of smell can sniff out nearby items.
Your experience applies equally to all skills.


Message History

The salamander barely misses you.
The naga warrior roars a battlecry!
The naga warrior goes into a battle-frenzy!
The naga warrior constricts you.
* * * LOW HITPOINT WARNING * * *
Your spectral moth of wrath bites the salamander.
You block the naga's attack.
The salamander hits you but does no damage.
The naga rages.
Unknown command.
Unknown command.
You completely miss the naga warrior.
The naga warrior is lightly wounded.
You slash frimble's ghost! The naga warrior blocks your attack.
The naga misses you.
Your spectral moth of wrath bites frimble's ghost!
You block the naga warrior's attack. The naga warrior constricts you.
The salamander hits you from afar with a +1 halberd!
* * * LOW HITPOINT WARNING * * *
You are engulfed in flames.
You resist.
* * * LOW HITPOINT WARNING * * *
The salamander hits your spectral moth of wrath from afar with a +0 halberd!!
Your spectral moth of wrath is engulfed in flames!
You block the naga warrior's attack. The naga misses you.
Your spectral moth of wrath bites frimble's ghost.
You block the salamander's attack. The naga warrior spits poison at you.
The splash of poison misses you. The naga warrior constricts you.
The salamander hits your spectral moth of wrath from afar with a +0 halberd!!
Your spectral moth of wrath is engulfed in flames!
Your spectral moth of wrath is destroyed!
Unknown command.
Unknown command.
Unknown command.
Unknown command.
You slice the naga warrior!!
The naga warrior is moderately wounded.
You completely miss frimble's ghost. The naga warrior blocks your attack.
The naga hits you from afar with a +0 glaive!!
You die...

##### ######## ##.#.## ###
#.#....## ...##.###.# ########
##......###
###...#...###......### #........#
#..######.......©....####........
..## ##.....#####....##........
### ##....###.8N###...#........ #
###....####†WNNN##..##.......
#####..#...#..###NNN.#...))......
..##.###..##.## #yN..##.).)......
....## #..#...#..$....#..##.....#
.....###..#....(_"##..#...####...
..........#..##.§.≈#..#...#####.#
#.........##.#≈#..##.##...^.....#
...###.....####...#.##..........#


You could see 2 naga warriors, 2 salamanders, a moth of wrath, 4 nagas and
frimble's ghost.

Vanquished Creatures
  Gastronok (Lair:1)
  2 orc warlords
  Fannar (D:12)
  7 hydras
  Harold (Lair:1)
  4 boulder beetles
  An ogre mage (D:9)
  A naga warrior (Snake:1)
  A centaur warrior (D:10)
  2 anacondas (Snake:1)
  4 two-headed ogres
  14 death yaks
  Urug (Lair:1)
  A tengu warrior (D:11)
  A naga sharpshooter (Snake:1)
  An orc high priest (Orc:2)
  2 skeletal warriors
  A flayed ghost (D:11)
  A goliath frog (Lair:6)
  2 orc knights (Orc:2)
  2 mana vipers (Snake:1)
  2 salamanders (Snake:1)
  An orc sorcerer (Orc:2)
  2 cyclopes
  3 ugly things
  18 elephants
  A moth of wrath (Snake:1)
  A manticore (D:10)
  7 black mambas
  A guardian serpent (shapeshifter) (D:9)
  4 naga magi (Snake:1)
  A molten gargoyle (Volcano)
  24 cane toads
  A kobold demonologist (D:11)
  An efreet (D:10)
  3 rime drakes
  12 komodo dragons
  A tengu conjurer (D:11)
  2 polar bears
  5 trolls
  3 tyrant leeches (Lair:6)
  27 blink frogs (Lair:6)
  2 slime creatures (Lair:6)
  A centaur simulacrum (D:10)
  9 dream sheep (Lair:5)
  A vampire (D:12)
  Sigmund (D:2)
  6 wyverns
  3 fire elementals (Volcano)
  33 yaks
  3 wraiths
  5 vampire mosquitoes (Lair:6)
  2 steam dragons (D:10)
  10 nagas
  14 water moccasins
  An acid dragon (D:12)
  5 wargs
  39 orc warriors
  6 ogres
  2 black bears
  2 necrophages
  11 wolves
  A hornet zombie (D:7)
  A centaur (D:6)
  A phantom (D:5)
  25 bullfrogs
  2 kobold brigands
  Blork the orc (D:5)
  2 scorpions
  A gnoll sergeant (D:10)
  5 howler monkeys
  8 wights
  2 electric eels
  2 centaur zombies
  3 jellies
  A centaur skeleton (D:7)
  24 orc priests
  2 iguanas
  Ijyb (D:3)
  Jessica (D:2)
  30 orc wizards
  Natasha (thrice) (D:2)
  2 hound zombies (D:5)
  A howler monkey zombie (D:9)
  A howler monkey skeleton (D:5)
  9 gnolls
  11 adders
  2 white imps
  An adder skeleton (D:4)
  3 worms
  3 dart slugs
  98 orcs
  8 ball pythons
  3 endoplasms
  2 giant cockroaches
  2 goblins
  3 hobgoblins (D:2)
  4 jackals (D:1)
  A quokka (D:2)
  3 bats (D:2)
  3 frilled lizards
  11 kobolds
  4 rats
618 creatures vanquished.

Vanquished Creatures (collateral kills)
  A naga sharpshooter (Snake:1)
  A naga ritualist (Snake:1)
  2 merfolk sirens (Lair:4)
  A black mamba (Snake:1)
  A naga mage (Snake:1)
  2 merfolk (Lair:4)
8 creatures vanquished.

Vanquished Creatures (others)
  An orc wizard (D:8)
  70 fungi
  162 plants
233 creatures vanquished.

Grand Total: 859 creatures vanquished

Notes
Turn   | Place    | Note
-------+----------+-------------------------------------------
     0 | D:1      | lunkers the Gnoll Cinder Acolyte began the quest for the
                  | Orb.
     0 | D:1      | Reached XP level 1. HP: 23/23 MP: 4/4
   219 | D:1      | Reached XP level 2. HP: 29/29 MP: 5/5
   239 | D:1      | Learned a level 2 spell: Scorch
   448 | D:1      | Found a faded altar of an unknown god.
  1048 | D:2      | Noticed Sigmund
  1069 | D:2      | Killed Sigmund
  1070 | D:2      | Reached skill level 1 in Long Blades
  1070 | D:2      | Reached skill level 1 in Axes
  1070 | D:2      | Reached skill level 1 in Maces & Flails
  1070 | D:2      | Reached skill level 1 in Polearms
  1070 | D:2      | Reached skill level 1 in Staves
  1070 | D:2      | Reached skill level 1 in Slings
  1070 | D:2      | Reached skill level 1 in Bows
  1070 | D:2      | Reached skill level 1 in Crossbows
  1070 | D:2      | Reached skill level 1 in Throwing
  1070 | D:2      | Reached skill level 1 in Armour
  1070 | D:2      | Reached skill level 1 in Dodging
  1070 | D:2      | Reached skill level 1 in Stealth
  1070 | D:2      | Reached skill level 1 in Shields
  1070 | D:2      | Reached skill level 1 in Unarmed Combat
  1070 | D:2      | Reached skill level 1 in Conjurations
  1070 | D:2      | Reached skill level 1 in Hexes
  1070 | D:2      | Reached skill level 1 in Summonings
  1070 | D:2      | Reached skill level 1 in Necromancy
  1070 | D:2      | Reached skill level 1 in Translocations
  1070 | D:2      | Reached skill level 1 in Transmutations
  1070 | D:2      | Reached skill level 1 in Ice Magic
  1070 | D:2      | Reached skill level 1 in Air Magic
  1070 | D:2      | Reached skill level 1 in Earth Magic
  1070 | D:2      | Reached skill level 1 in Poison Magic
  1070 | D:2      | Reached skill level 1 in Invocations
  1070 | D:2      | Reached skill level 1 in Evocations
  1070 | D:2      | Reached XP level 3. HP: 8/35 MP: 0/7
  1070 | D:2      | Reached XP level 4. HP: 9/41 MP: 0/8
  1070 | D:2      | Reached XP level 5. HP: 11/47 MP: 0/9
  1290 | D:2      | Noticed Jessica
  1295 | D:2      | Killed Jessica
  1527 | D:2      | Noticed Natasha
  1537 | D:2      | Killed Natasha
  1538 | D:2      | Reached XP level 6. HP: 34/53 MP: 10/10
  1839 | D:2      | Noticed Natasha
  1846 | D:2      | Killed Natasha
  1894 | D:2      | Noticed Natasha
  1907 | D:2      | Killed Natasha
  2630 | D:3      | Learned a level 2 spell: Passwall
  2725 | D:3      | Noticed Ijyb
  2750 | D:3      | Killed Ijyb
  2751 | D:3      | Reached XP level 7. HP: 59/59 MP: 5/12
  4001 | D:4      | Identified the +2 robe of Hospitality {Regen+}
  4301 | D:5      | Entered Level 5 of the Dungeon
  4530 | D:5      | Reached XP level 8. HP: 45/67 MP: 14/14
  5009 | D:5      | Found a staircase to the Ecumenical Temple.
  5110 | D:5      | Identified the +7 hunting sling of Fuufumik {flame, Str+5}
  5265 | D:5      | Noticed Blork the orc
  5646 | D:5      | Killed Blork the orc
  6998 | D:7      | Reached XP level 9. HP: 72/72 MP: 16/16
  7489 | D:7      | Reached skill level 5 in Spellcasting
  8078 | D:8      | Got the Papyrus of Evil Moulding
  8300 | D:9      | Noticed a two-headed ogre
  8308 | D:9      | Killed a two-headed ogre
  8309 | D:9      | Reached skill level 5 in Invocations
  8588 | D:9      | Noticed a two-headed ogre
  8593 | D:9      | Killed a two-headed ogre
  8594 | D:9      | Reached skill level 5 in Long Blades
  8594 | D:9      | Reached skill level 5 in Axes
  8594 | D:9      | Reached skill level 5 in Maces & Flails
  8594 | D:9      | Reached skill level 5 in Polearms
  8594 | D:9      | Reached skill level 5 in Staves
  8594 | D:9      | Reached skill level 5 in Slings
  8594 | D:9      | Reached skill level 5 in Bows
  8594 | D:9      | Reached skill level 5 in Crossbows
  8594 | D:9      | Reached skill level 5 in Throwing
  8594 | D:9      | Reached skill level 5 in Armour
  8594 | D:9      | Reached skill level 5 in Dodging
  8594 | D:9      | Reached skill level 5 in Stealth
  8594 | D:9      | Reached skill level 5 in Shields
  8594 | D:9      | Reached skill level 5 in Unarmed Combat
  8594 | D:9      | Reached skill level 5 in Evocations
  8594 | D:9      | Reached XP level 10. HP: 81/81 MP: 13/18
  8794 | D:9      | Noticed a two-headed ogre
  8799 | D:9      | Killed a two-headed ogre
  9495 | D:9      | Noticed a skeletal warrior
  9500 | D:9      | Noticed a skeletal warrior
  9974 | D:10     | Entered Level 10 of the Dungeon
  9985 | D:10     | Identified the +5 scale mail of Xutwom {MP+9}
 10008 | D:10     | Learned a level 4 spell: Dispel Undead
 10023 | D:10     | Noticed an ogre mage
 10037 | D:10     | Noticed a cyclops
 10119 | D:9      | Paralysed by something for 3 turns
 10125 | D:9      | Killed an ogre mage
 10350 | D:8      | Killed a skeletal warrior
 10351 | D:8      | Reached XP level 11. HP: 59/87 MP: 1/20
 10601 | D:10     | Learned a level 3 spell: Stone Arrow
 10606 | D:10     | Killed a cyclops
 10607 | D:10     | Reached skill level 5 in Conjurations
 10607 | D:10     | Reached skill level 5 in Hexes
 10607 | D:10     | Reached skill level 5 in Summonings
 10607 | D:10     | Reached skill level 5 in Necromancy
 10607 | D:10     | Reached skill level 5 in Translocations
 10607 | D:10     | Reached skill level 5 in Transmutations
 10607 | D:10     | Reached skill level 5 in Ice Magic
 10607 | D:10     | Reached skill level 5 in Air Magic
 10607 | D:10     | Reached skill level 5 in Earth Magic
 10607 | D:10     | Reached skill level 5 in Poison Magic
 10824 | D:9      | Killed a skeletal warrior
 10993 | D:10     | Identified the +4 shortbow of Symmetry {freeze, rPois rC-
                  | Will++ Str+4}
 11135 | D:10     | Noticed a green ugly thing
 11147 | D:10     | Killed a green ugly thing
 11147 | D:10     | Noticed a brown ugly thing
 11161 | D:10     | Killed a purple ugly thing
 11353 | D:10     | Noticed a manticore
 11364 | D:10     | Identified the +0 chain mail "Coih" {Int+5}
 11367 | D:10     | Killed a manticore
 11402 | D:10     | Noticed a centaur warrior
 11620 | D:10     | Found a staircase to the Orcish Mines.
 11653 | D:10     | Killed a centaur warrior
 12164 | D:10     | Found a glowing silver altar of Zin.
 12556 | D:11     | Noticed a boulder beetle
 12575 | D:11     | Killed a boulder beetle
 12911 | D:11     | Reached XP level 12. HP: 51/96 MP: 17/23
 13094 | D:11     | Found a staircase to the Lair.
 13628 | D:11     | Found a runed translucent gate.
 13628 | D:11     | Found a runed translucent gate.
 13631 | D:11     | Found a runed translucent gate.
 13710 | D:11     | Noticed pokeman's ghost (novice DEWz)
 13761 | D:11     | Noticed a two-headed ogre
 13768 | D:11     | Killed a two-headed ogre
 14186 | D:11     | Noticed a tengu warrior
 14202 | D:11     | Killed a tengu warrior
 14820 | D:11     | Learned a level 6 spell: Statue Form
 15074 | D:12     | Noticed Fannar
 15090 | D:12     | Killed Fannar
 15105 | D:12     | HP: 3/97 [meliai/divine providence (8)]
 15515 | Lair:1   | Entered Level 1 of the Lair of Beasts
 15515 | Lair:1   | Noticed Harold
 15526 | D:11     | Reached skill level 10 in Fighting
 15526 | D:11     | Reached skill level 10 in Short Blades
 15588 | Lair:1   | Noticed Gastronok
 15598 | Lair:1   | Killed Harold
 15742 | Lair:1   | Killed Gastronok
 16579 | Lair:1   | Noticed Urug
 16596 | Lair:1   | Killed Urug
 16597 | Lair:1   | Reached XP level 13. HP: 68/103 MP: 23/25
 17585 | Lair:2   | Found a staircase to the Snake Pit.
 18295 | Lair:3   | Found a dark tunnel.
 18341 | Volcano  | Entered a volcano
 18790 | Lair:3   | Learned a level 5 spell: Borgnjor's Vile Clutch
 19896 | Lair:4   | Found a staircase to the Shoals.
 20093 | Lair:4   | Identified the +1 leather armour of the Page of Cups {rF+}
 20147 | Lair:4   | You fall into a shaft and drop 2 floors!
 20147 | Lair:6   | Entered Level 6 of the Lair of Beasts
 20185 | Lair:6   | Reached XP level 14. HP: 113/113 MP: 14/27
 20526 | Lair:5   | Reached skill level 10 in Invocations
 20973 | Lair:5   | Identified the +2 scale mail "Housub" {Rampage rPois rF++
                  | Stlth+}
 22388 | Lair:4   | Found a glowing silver altar of Zin.
 22672 | Lair:6   | Reached skill level 10 in Spellcasting
 23055 | Lair:6   | Reached XP level 15. HP: 87/120 MP: 16/29
 23753 | Lair:6   | Found a staircase to the Slime Pits.
 23797 | Lair:6   | Reached skill level 10 in Fire Magic
 24082 | Lair:6   | Reached skill level 10 in Long Blades
 24082 | Lair:6   | Reached skill level 10 in Axes
 24082 | Lair:6   | Reached skill level 10 in Maces & Flails
 24082 | Lair:6   | Reached skill level 10 in Polearms
 24082 | Lair:6   | Reached skill level 10 in Staves
 24082 | Lair:6   | Reached skill level 10 in Slings
 24082 | Lair:6   | Reached skill level 10 in Bows
 24082 | Lair:6   | Reached skill level 10 in Crossbows
 24082 | Lair:6   | Reached skill level 10 in Throwing
 24082 | Lair:6   | Reached skill level 10 in Armour
 24082 | Lair:6   | Reached skill level 10 in Dodging
 24082 | Lair:6   | Reached skill level 10 in Stealth
 24082 | Lair:6   | Reached skill level 10 in Shields
 24082 | Lair:6   | Reached skill level 10 in Unarmed Combat
 24082 | Lair:6   | Reached skill level 10 in Evocations
 24289 | Lair:6   | Identified the ring "Koerofur" {Will+ Str+4 Dex+6}
 24978 | Orc:1    | Entered Level 1 of the Orcish Mines
 25156 | Orc:2    | Entered Level 2 of the Orcish Mines
 25156 | Orc:2    | Found a staircase to the Elven Halls.
 25436 | Orc:2    | Found Xain's Antique Armour Boutique.
 25547 | Orc:2    | Bought a glowing cloak for 195 gold pieces
 25824 | Orc:1    | Found Beqiuco's Assorted Antiques.
 25832 | Orc:1    | Bought a scroll labelled ADIGEN ASOINNO for 16 gold pieces
 25912 | Orc:1    | Noticed an orc warlord
 25930 | Orc:1    | Killed an orc warlord
 26250 | Orc:2    | Found Iteuc's Distillery.
 26634 | Orc:2    | Noticed an orc warlord
 26653 | Orc:2    | Killed an orc warlord
 26954 | Orc:2    | Found Teergh's Antique Armour Shoppe.
 26962 | Orc:2    | Found Zuwing's Antique Weapon Emporium.
 27058 | Orc:2    | Learned a level 6 spell: Death Channel
 27246 | Snake:1  | Entered Level 1 of the Snake Pit
 27671 | Snake:1  | Found a transporter.
 27681 | Snake:1  | Found the amulet of the Four Winds {rN+ Will+++ Clar}
 27682 | Snake:1  | Noticed frimble's ghost (adept TrWr)
 27756 | Snake:1  | Found a bloodstained altar of Trog.
 27768 | Snake:1  | Found the +0 pair of fencer's gloves {Riposte Dex+3}
 27840 | Snake:1  | Found a transporter.
 27957 | Snake:1  | Found Bopul's Armour Shop.
 28880 | Snake:1  | Slain by a naga

Illustrated notes

Levels and vault maps discovered:
D:1:      scummos_arrival_checkerplants, layout_basic,
          ebering_ecumenical_altar_petrified
D:2:      layout_rooms, uniq_jessica, uniq_natasha, uniq_sigmund
D:3:      layout_loops_corners, nrook_campfire, corexii_hall_statues_i,
          hangedman_abyss_or_decor_lesser_grid, uniq_ijyb
D:4:      layout_basic
D:5:      layout_rooms, minmay_temple_entry_statues, minmay_misc_feat_alley,
          hangedman_decor_points, hex_intersection, corexii_hall_statues_u,
          corexii_shack, sigmund_army, uniq_blork_the_orc
D:6:      layout_layer_cave
D:7:      minmay_angry_zag, layout_rooms
D:8:      layout_basic
D:9:      layout_basic
D:10:     minmay_cut_squares, layout_loops_ring, amcnicky_altar_gilded
D:11:     layout_cave_pods, due_lair_maze_entry_diamond,
          gammafunk_ghost_spectres, special_room [special_room_orc],
          minmay_three_doors
D:12:     layout_loops_ring, special_room [special_room_bee], uniq_fannar
Lair:1:   layout_hall_layers, nicolae_quartered_pool_medium, uniq_gastronok,
          uniq_urug, uniq_harold
Lair:2:   layout_gridlike, minmay_snake_entry_guardpost_small
Lair:3:   layout_loops_ring, nicolae_volcano_entry_hallway
Lair:4:   layout_regular_city, elwin_shoals_entry_stream, basic_altar,
          hangedman_lair_unloving_vines
Lair:5:   layout_cave_pods, eino_small_chamber_without_monster, st_stairs_8
Lair:6:   minmay_lair_end_frog_pond, layout_layer_cave,
          minmay_slime_entry_pillars, minivault_27, serial_bayou_shore_b
Snake:1:  layout_chambers, serial_shops, shop_statue,
          gammafunk_ghost_wrathful_warriors
Orc:1:    layout_caves, serial_shops, nicolae_shop_hallway_plus,
          nicolae_orc_tapped_out
Orc:2:    grunt_orc_community_town_hall, layout_diamond_mine,
          grunt_orc_community_big_house_1, grunt_orc_community_big_house_2,
          grunt_orc_community_house_1, grunt_orc_community_house_3,
          grunt_orc_community_house_2, grunt_orc_community_house_3,
          grunt_orc_community_house_2, grunt_orc_community_house_1,
          nicolae_orc_damp_corner

Skill      XL: |  1  2  3  4  5  6  7  8  9 10 11 12 13 14 15 |
---------------+----------------------------------------------+-----
Long Blades    | 1 2 3 5 6 7 8 9 10 | 10.5
Axes           | 1 2 3 5 6 7 8 9 10 | 10.5
Maces & Flails | 1 2 3 5 6 7 8 9 10 | 10.5
Polearms       | 1 2 3 5 6 7 8 9 10 | 10.5
Staves         | 1 2 3 5 6 7 8 9 10 | 10.5
Slings         | 1 2 3 5 6 7 8 9 10 | 10.5
Bows           | 1 2 3 5 6 7 8 9 10 | 10.5
Crossbows      | 1 2 3 5 6 7 8 9 10 | 10.5
Throwing       | 1 2 3 5 6 7 8 9 10 | 10.5
Armour         | 1 2 3 5 6 7 8 9 10 | 10.5
Dodging        | 1 2 3 5 6 7 8 9 10 | 10.5
Stealth        | 1 2 3 5 6 7 8 9 10 | 10.5
Shields        | 1 2 3 5 6 7 8 9 10 | 10.5
Unarmed Combat | 1 2 3 5 6 7 8 9 10 | 10.5
Spellcasting   | 3 4 5 6 7 8 9 10 | 10.9
Conjurations   | 1 2 3 4 5 6 7 8 |  8.8
Hexes          | 1 2 3 4 5 6 7 8 |  8.8
Summonings     | 1 2 3 4 5 6 7 8 |  8.8
Necromancy     | 1 2 3 4 5 6 7 8 |  8.8
Translocations | 1 2 3 4 5 6 7 8 |  8.8
Transmutations | 1 2 3 4 5 6 7 8 |  8.8
Ice Magic      | 1 2 3 4 5 6 7 8 |  8.8
Air Magic      | 1 2 3 4 5 6 7 8 |  8.8
Earth Magic    | 1 2 3 4 5 6 7 8 |  8.8
Poison Magic   | 1 2 3 4 5 6 7 8 |  8.8
Invocations    | 1 2 3 4 5 6 7 8 9 10 11 | 11.4
Evocations     | 1 2 3 5 6 7 8 9 10 | 10.5
Fighting       | 7 8 9 10 11 12 | 12.3
Short Blades   | 7 8 9 10 11 12 | 12.3
Fire Magic     | 6 7 8 9 10 | 10.4

Action                   |  1- 3 |  4- 6 |  7- 9 | 10-12 | 13-15 || total
-------------------------+-------+-------+-------+-------+-------++-------
Melee: Short sword       |    55 |    75 |       |       |       ||   130
       Bite              |     2 |     2 |    14 |    17 |    87 ||   122
       Dagger            |       |       |   130 |       |       ||   130
       Punch             |       |       |     1 |       |       ||     1
       Hunting sling     |       |       |     1 |       |       ||     1
       Broad axe         |       |       |       |   146 |   868 ||  1014
 Fire: Hunting sling     |       |       |   123 |   119 |       ||   242
 Cast: Scorch            |     5 |    38 |    83 |    44 |       ||   170
       Dispel Undead     |       |       |       |     6 |       ||     6
       Passwall          |       |       |       |     2 |       ||     2
       Stone Arrow       |       |       |       |   160 |   183 ||   343
       Statue Form       |       |       |       |       |    34 ||    34
       Borgnjor's Vile C |       |       |       |       |    26 ||    26
       Death Channel     |       |       |       |       |     5 ||     5
Evoke: Wand              |       |       |       |    14 |    11 ||    25
       Phial of floods   |       |       |       |     1 |       ||     1
       Tin of tremorston |       |       |       |       |     2 ||     2
  Use: Scroll            |     1 |     5 |    13 |     5 |     9 ||    33
       Potion            |       |     2 |       |     1 |     2 ||     5
 Stab: Sleeping          |     1 |       |       |       |     9 ||    10
       Distracted        |       |       |       |       |     1 ||     1
Armor: Robe              |     2 |       |    36 |    21 |       ||    59
       Ring mail         |    11 |    19 |    14 |       |       ||    44
       Skin              |       |     5 |       |       |   407 ||   412
       Scale mail        |       |       |       |    91 |    64 ||   155
       Troll leather arm |       |       |       |       |   110 ||   110
Dodge: Dodged            |    43 |    33 |    84 |   144 |   596 ||   900
Block: Buckler           |       |       |       |    42 |   298 ||   340

Table legend: (Time is in decaauts)
 A = Elapsed time spent in this place.
 B = Non-inter-level travel time spent in this place.
 C = Inter-level travel time spent in this place.
 D = Time resting spent in this place.
 E = Time spent auto-exploring this place.
 F = Levels seen in this place.
 G = Mean time per level.
                   A        B        C        D        E       F      G
               +--------+--------+--------+--------+--------+-----+--------+
         Total |  29236 |  27876 |   1360 |   1196 |  21194 |  22 | 1328.9 |
       Dungeon |  15745 |  14884 |    861 |    906 |  11433 |  12 | 1312.1 |
          Lair |   9356 |   9014 |    342 |    105 |   7036 |   6 | 1559.3 |
     Snake Pit |   1686 |   1611 |     75 |     57 |   1291 |   1 | 1686.0 |
  Orcish Mines |   2268 |   2188 |     80 |    128 |   1427 |   2 | 1134.0 |
       Volcano |    179 |    179 |      0 |      0 |      7 |   1 |  179.0 |
               +--------+--------+--------+--------+--------+-----+--------+

Top non-repeatable levels by time:
    D:11: 2687 daAuts
  Lair:6: 2639 daAuts
    D:10: 2012 daAuts
  Lair:5: 1881 daAuts
     D:9: 1785 daAuts
 Snake:1: 1686 daAuts
   Orc:2: 1623 daAuts
  Lair:1: 1557 daAuts
     D:8: 1476 daAuts
     D:3: 1462 daAuts
     D:2: 1365 daAuts
  Lair:3: 1146 daAuts
     D:5: 1109 daAuts
  Lair:4: 1091 daAuts
     D:6: 1068 daAuts
